 Dungeon Crawl Stone Soup version 0.22-a0-254-gaf95ca0 (webtiles) character file.

258 Atlas the Grave Robber (level 5, -1/36 HPs)
             Began as a Mummy Necromancer on Mar 5, 2018.
             Slain by a water moccasin skeleton (3 damage)
             ... on level 4 of the Dungeon.
             The game lasted 00:05:07 (2881 turns).

Atlas the Grave Robber (Mummy Necromancer)          Turns: 2881, Time: 00:05:07

Health: -1/36      AC:  2    Str: 11    XL:     5   Next: 94%
Magic:  11/12      EV: 12    Int: 15    God:
Gold:   208        SH:  9    Dex: 13    Spells: 9/14 levels left

rFire    x . .     SeeInvis .   l - +2 spear (freeze)
rCold    + . .     Gourm    .   c - +1 buckler {rPois}
rNeg     + + +     Faith    .   d - +0 robe {MR+}
rPois    ∞         Spirit   .   (no helmet)
rElec    .         Reflect  +   (no cloak)
rCorr    .         Harm     .   (no gloves)
MR       +....                  (no boots)
Stlth    ++........             i - +4 amulet of reflection
HPRegen  0.12/turn              (no ring)
MPRegen  0.13/turn              (no ring)

@: no status effects
A: no food or potions, fire vulnerability, cold resistance 1, negative energy
resistance 3, torment resistance, unbreathing
a: no special abilities


You were on level 4 of the Dungeon.
You were not hungry.

You visited 1 branch of the dungeon, and saw 4 of its levels.

You collected 208 gold pieces.

Inventory:

Hand Weapons
 l - a +2 spear of freezing (weapon)
Armour
 a - a +0 robe
 c - a +1 buckler of poison resistance (worn)
 d - a +0 robe of magic resistance (worn)
 g - a +0 leather armour
Jewellery
 i - a +4 amulet of reflection (around neck)
Scrolls
 b - 2 scrolls of remove curse
 e - 2 scrolls of enchant weapon
 f - 3 scrolls of identify {unknown}
 h - 2 scrolls of fear {unknown}
 j - 4 scrolls of teleportation {unknown}
 k - a scroll of enchant armour {unknown}


   Skills:
 + Level 0.5 Fighting
 + Level 0.7 Polearms
 + Level 1.8 Dodging
 - Level 1.5 Stealth
 + Level 1.1 Shields
 + Level 0.3 Unarmed Combat
 + Level 5.2 Spellcasting
 + Level 5.3 Necromancy


You had 9 spell levels left.
You knew the following spells:

 Your Spells              Type           Power        Failure   Level  Hunger
a - Pain                  Necr           ###.         2%          1    N/A
b - Animate Skeleton      Necr           N/A          2%          1    N/A
c - Vampiric Draining     Necr           ###.......   8%          3    N/A

Dungeon Overview and Level Annotations

Branches:
Dungeon (4/15)
 Temple: D:4-7

Altars:
Ashenzari
Yredelemnul
The Shining One

Annotations:
D:4 Pikel


Innate Abilities, Weirdness & Mutations

You do not eat or drink.
Your flesh is vulnerable to fire.
You are immune to poison.
Your flesh is cold resistant. (rC+)
You are immune to negative energy. (rN+++)
You are immune to unholy pain and torment.
You can survive without breathing.


Message History

A water moccasin skeleton is nearby!
You are too injured to fight recklessly!
Casting: Pain (safe; 2% risk of failure)
Confirm with . or Enter, or press ? or * to list all spells.
Aiming: Vampiric Draining (safe; 8% risk of failure)
Press: ? - help, Shift-Dir - straight line, f - water moccasin skeleton
Aim: a water moccasin skeleton (heavily damaged)
You can't drain life from that!
The water moccasin skeleton bites you. The water moccasin skeleton bites you.
* * * LOW HITPOINT WARNING * * *
As you read the scroll labeled XYSOKU NECKYWA, it crumbles to dust.
You feel blessed for a moment.
It was a scroll of remove curse.
The water moccasin skeleton bites you.
* * * LOW HITPOINT WARNING * * *
As you read the scroll labeled NECAMESE ATAFF, it crumbles to dust.
It is a scroll of enchant weapon.
Your +1 spear of freezing glows red for a moment.
The water moccasin skeleton bites you.
You die...

#..%#####.# ##...
..#.......# #....
#...#.##..# ... ..........#
... ....#.##).# #)#
...#..##..# #.# ....#.##..#
#.#
...##.##..##########.######
................@Z....!.....
<..............#############
.........####### #########


You could see a water moccasin skeleton.

Vanquished Creatures
  A slave (D:3)
  A scorpion (D:4)
  A howler monkey (D:4)
  An orc wizard (D:3)
  A hound skeleton (D:4)
  7 adders
  An ooze (D:1)
  A worm (D:3)
  2 dart slugs
  9 orcs
  6 bats
  4 giant cockroaches
  7 hobgoblins
  2 jackals (D:3)
  A ball python (D:3)
  5 frilled lizards
  6 goblins
  2 kobolds
  3 rats
61 creatures vanquished.

Notes
Turn   | Place    | Note
-------+----------+-------------------------------------------
     0 | D:1      | Atlas the Mummy Necromancer began the quest for the Orb.
     0 | D:1      | Reached XP level 1. HP: 13/13 MP: 4/4
   108 | D:1      | Reached XP level 2. HP: 19/19 MP: 1/6
   737 | D:2      | Reached XP level 3. HP: 17/24 MP: 0/7
  1161 | D:2      | Reached XP level 4. HP: 27/30 MP: 1/9
  1730 | D:3      | Learned a level 1 spell: Animate Skeleton
  1734 | D:3      | Learned a level 3 spell: Vampiric Draining
  1795 | D:3      | Reached skill level 5 in Necromancy
  1860 | D:3      | Found a glowing golden altar of the Shining One.
  1874 | D:3      | Found a shattered altar of Ashenzari.
  1894 | D:3      | Found a basalt altar of Yredelemnul.
  1988 | D:3      | Reached XP level 5. HP: 35/35 MP: 10/12
  2265 | D:4      | Noticed a slave
  2269 | D:4      | Noticed a slave
  2271 | D:4      | Noticed a slave
  2282 | D:4      | Noticed Pikel
  2293 | D:3      | Killed a slave
  2569 | D:4      | Reached skill level 5 in Spellcasting
  2590 | D:4      | Reached skill level 1 in Shields
  2881 | D:4      | Slain by a water moccasin skeleton

Vault maps used:
D:1:      lightli_arrival_chessboard
D:2:      first_ration
D:3:      yredelemnul_altar_generic, chequers_temple_overflow_statue_of_worship
D:4:      uniq_crazy_yiuf_cottage, uniq_pikel

Skill      XL: |  1  2  3  4  5 |
---------------+----------------+-----
Spellcasting   | 3 4 5 |  5.2
Necromancy     | 5 |  5.3
Shields        | 1 |  1.1
Fighting       | |  0.5
Polearms       | |  0.7
Dodging        | |  1.8
Stealth        | |  1.5
Unarmed Combat | |  0.3

Action                   |  1- 3 |  4- 6 || total
-------------------------+-------+-------++-------
Melee: Unarmed           |    33 |       ||    33
       Spear             |       |    76 ||    76
 Cast: Pain              |    49 |    54 ||   103
       Vampiric Draining |       |     7 ||     7
  Use: Scroll            |       |     2 ||     2
 Stab: Sleeping          |       |     1 ||     1
Armor: Robe              |     4 |     7 ||    11
Dodge: Dodged            |    13 |    33 ||    46
Block: Buckler           |    22 |    42 ||    64
       Reflection        |       |     1 ||     1

Table legend:
 A = Spawn XP
 B = Non-spawn XP
 C = Spawn XP percentage of total XP
 D = Spawn monster count
 E = Non-spawn monster count
 F = Spawn count percentage of total count
 G = Total turns spent on level
                    A         B        C        D         E        F      G
               +---------+---------+-------+---------+---------+-------+---------
         Total |       0 |     369 |   0.0 |       0 |      60 |   0.0 |  2881
               +---------+---------+-------+---------+---------+-------+---------
           D:1 |       0 |      22 |   0.0 |       0 |       9 |   0.0 |   611
           D:2 |       0 |      83 |   0.0 |       0 |      16 |   0.0 |   849
           D:3 |       0 |     107 |   0.0 |       0 |      29 |   0.0 |  1035
           D:4 |       0 |     157 |   0.0 |       0 |       6 |   0.0 |   386
               +---------+---------+-------+---------+---------+-------+---------
